 Dungeon Crawl Stone Soup version 0.30.1-11-g7821555f0a (webtiles) character file.

Game seed: 7976392386600237966

872 booth the Chopper (level 7, -3/56 HPs)
             Began as a Demonspawn Monk on Nov 7, 2023.
             Was a Believer of Okawaru.
             Slain by an iguana (10 damage)
             ... on level 6 of the Dungeon.
             The game lasted 00:28:30 (5553 turns).

booth the Chopper (Demonspawn Monk)                 Turns: 5553, Time: 00:28:31

Health: -3/56      AC:  9    Str: 13    XL:     7   Next: 74%
Magic:  7/7        EV: 14    Int: 12    God:    Okawaru [**....]
Gold:   429        SH:  0    Dex: 21    Spells: 6/6 levels left

rFire   . . .        a - +2 hand axe (flame)
rCold   . . .        (no shield)
rNeg    . . .        f - +0 leather armour
rPois   .            (helmet restricted)
rElec   .            (no cloak)
rCorr   .            o - +2 pair of gloves
SInv    .            g - +0 pair of boots
Will    .....        (no amulet)
Stlth   ++           i - +6 ring of dexterity
HPRegen 0.29/turn    (no ring)
MPRegen 0.10/turn

%: no passive effects
@: no status effects
A: antennae 1, thin metallic scales 1, (demonic guardian 1), demonic magic 2
a: Renounce Religion, Heroism


You were on level 6 of the Dungeon.
You worshipped Okawaru.
Okawaru was pleased with you.
You visited 2 branches of the dungeon, and saw 7 of its levels.

You collected 429 gold pieces.

Inventory:

Hand Weapons
 a - a +2 hand axe of flaming (weapon)
 r - the +8 mace of the Sage {drain, rPois Str+7 Int-3 Dex-5}
   (You took it off a goblin on level 4 of the Dungeon)

   Str:       It affects your strength (+7).
   Int:       It affects your intelligence (-3).
   Dex:       It affects your dexterity (-5).
   rPois:     It protects you from poison.
Missiles
 s - 11 boomerangs (quivered)
Armour
 d - an orb of light
 f - a +0 leather armour (worn)
 g - a +0 pair of boots (worn)
 k - a +0 ring mail
 o - a +2 pair of gloves (worn)
Jewellery
 i - a +6 ring of dexterity (left hand)
 u - a ring of flight
Wands
 l - a wand of charming (2)
 t - a wand of mindburst (11)
Scrolls
 q - a scroll of teleportation
 v - a scroll of silence {unknown}
 w - a scroll of fog
Potions
 b - 4 potions of mutation
 c - a potion of ambrosia
 e - 5 potions of curing
 h - a potion of berserk rage
 j - a potion of invisibility
 m - a potion of haste
 n - a potion of lignification
 p - a potion of magic
 x - a potion of might {unknown}
 z - a potion of attraction {unknown}


   Skills:
 + Level 5.2 Fighting
 * Level 6.2 Axes
 + Level 1.1 Throwing
 + Level 4.7 Dodging


You had 6 spell levels left.
You didn't know any spells.
Your spell library contained the following spells:

 Spells                   Type           Power      Damage    Failure   Level
 Sandblast                Erth           0%         2d4       38%         1
 Ensorcelled Hibernation  Hex/Ice        0%         N/A       54%         2
 Passwall                 Tmut/Erth      0%         N/A       54%         2
 Sublimation of Blood     Necr           0%         N/A       54%         2
 Wereblood                Tmut           0%         N/A       54%         2
 Stone Arrow              Conj/Erth      0%         3d7       77%         3
 Swiftness                Air            0%         N/A       77%         3
 Summon Small Mammal      Summ           Unusable   N/A       N/A         1
 Call Canine Familiar     Summ           Unusable   N/A       N/A         3
 Summon Guardian Golem    Hex/Summ       Unusable   N/A       N/A         3
 Summon Hydra             Summ           Unusable   N/A       N/A         7

Dungeon Overview and Level Annotations

Branches:
Dungeon (6/15)             Temple (1/1) D:4

Altars:
Ashenzari
Cheibriados
Dithmenos
Fedhas
Gozag
Hepliaklqana
Kikubaaqudgha
Makhleb
Nemelex Xobeh
Okawaru
Qazlal
Ru
Sif Muna
Trog
Vehumet
Wu Jian
Xom
Yredelemnul

Shops:
D:4 :

Annotations:
D:6 Edmund


Innate Abilities, Weirdness & Mutations

You have a pair of small antennae on your head.
You are partially covered in thin metallic scales. (AC +2)
((A weak demonic guardian rushes to your aid.))
Spells you cast may paralyse nearby enemies.


Message History

You kill the adder!
Okawaru accepts your kill.
There is a hazy altar of Hepliaklqana here.
You start resting.
HP restored.
Found a stone staircase leading down.
An iguana comes into view.
You hit the iguana. You burn the iguana.
The iguana is heavily wounded.
The iguana bites you.
You hit the iguana but do no damage.
The iguana is heavily wounded.
The iguana barely misses you.
You hit the iguana. You burn the iguana.
The iguana is severely wounded.
The iguana barely misses you.
You hit the iguana. You burn the iguana.
The iguana is almost dead.
The iguana bites you.
You barely miss the iguana.
The iguana is almost dead.
The iguana misses you.
You hit the iguana. You burn the iguana.
You kill the iguana!
Okawaru accepts your kill.
An iguana comes into view.
Edmund the Younger comes into view.
He is wielding a +3 flail of holy wrath.
Edmund shouts!
Edmund drinks a potion.
Edmund flickers and vanishes!
Deactivating autopickup; reactivate with Ctrl-A.
The iguana hisses menacingly.
You barely miss something. Something hits you!
You convulse!
You hit something. You burn something. Something hits you!
You convulse.
You barely miss something. Something hits you.
You convulse.
You hit something. You burn something. Something hits you!
* * * LOW HITPOINT WARNING * * *
You convulse!
* * * LOW HITPOINT WARNING * * *
You feel better. The iguana bites you!
You die...

...............###..###..
....................# ##.
...........#.†.#.##...##.
.##.#.#...###.##.##..###.
# ####..#.......#......
#...........####...
##........... ##..
#.{l.......... #..
#.@........... #..
###....... ##...#. ####


You could see an iguana.

Vanquished Creatures
  A phantom (D:3)
  3 orc priests
  3 hounds
  2 jellies
  4 iguanas
  A sleepcap (D:6)
  6 orc wizards
  9 adders
  A white imp (D:5)
  2 ufetubi (D:4)
  A worm (D:2)
  4 dart slugs
  13 orcs
  A bat (D:1)
  7 endoplasms
  4 giant cockroaches
  5 goblins
  3 hobgoblins (D:1)
  7 jackals
  4 quokkas
  6 ball pythons
  A frilled lizard (D:1)
  6 kobolds
  4 rats
98 creatures vanquished.

Vanquished Creatures (collateral kills)
  A scorpion (D:5)
  An iguana (D:4)
  A bat (D:1)
  A goblin (D:3)
4 creatures vanquished.

Grand Total: 102 creatures vanquished

Notes
Turn   | Place    | Note
-------+----------+-------------------------------------------
     0 | D:1      | booth the Demonspawn Monk began the quest for the Orb.
     0 | D:1      | Reached XP level 1. HP: 18/18 MP: 1/1
   310 | D:1      | Reached skill level 3 in Axes
   353 | D:1      | Gained mutation: A weak demonic guardian rushes to your
                  | aid. [demonic ancestry]
   353 | D:1      | Reached XP level 2. HP: 24/24 MP: 2/2
  1224 | D:2      | Gained mutation: You have a pair of small antennae on your
                  | head. [demonic ancestry]
  1224 | D:2      | Reached XP level 3. HP: 29/29 MP: 3/3
  1271 | D:2      | Found a faded altar of an unknown god.
  1632 | D:2      | You fall into a shaft and drop 1 floor!
  1675 | D:3      | Gained mutation: Spells you cast may paralyse adjacent
                  | enemies. [demonic ancestry]
  1675 | D:3      | Reached XP level 4. HP: 15/35 MP: 4/4
  2273 | D:3      | Reached skill level 4 in Axes
  2523 | D:3      | Gained mutation: You are partially covered in thin metallic
                  | scales. (AC +2) [demonic ancestry]
  2523 | D:3      | Reached XP level 5. HP: 42/42 MP: 5/5
  2941 | D:3      | Noticed a phantom
  2964 | D:3      | Killed a phantom
  3105 | D:4      | Found Fuebre's Book Emporium.
  3131 | D:4      | Reached XP level 6. HP: 42/48 MP: 6/6
  3228 | D:4      | Found a staircase to the Ecumenical Temple.
  3458 | D:4      | Reached skill level 5 in Axes
  3853 | D:4      | Identified the +8 mace of the Sage {drain, rPois Str+7
                  | Int-3 Dex-5}
  3884 | Temple   | Entered the Ecumenical Temple
  4281 | D:5      | Entered Level 5 of the Dungeon
  4415 | D:5      | Gained mutation: Spells you cast may paralyse nearby
                  | enemies. [demonic ancestry]
  4415 | D:5      | Reached XP level 7. HP: 40/55 MP: 7/7
  4429 | D:5      | Found a shimmering altar of Xom.
  4810 | D:5      | Found a sparkling altar of Nemelex Xobeh.
  4836 | D:5      | Reached skill level 5 in Fighting
  5027 | D:5      | Reached skill level 6 in Axes
  5305 | D:5      | Found a bloodstained altar of Trog.
  5305 | D:5      | Found an iron altar of Okawaru.
  5317 | D:5      | Became a worshipper of Warmaster Okawaru
  5317 | D:5      | Reached * piety under Okawaru
  5317 | D:5      | Reached ** piety under Okawaru
  5471 | D:6      | Found a hazy altar of Hepliaklqana.
  5485 | D:6      | Reached skill level 1 in Throwing
  5537 | D:6      | Noticed Edmund
  5552 | D:6      | HP: 1/56 [something (9)]
  5553 | D:6      | Slain by an iguana

Illustrated notes

Levels and vault maps discovered:
D:1:      amcnicky_arrival_blooded_trapdoor, layout_loops_corners
D:2:      layout_basic, chequers_ecumenical_altar_island, roderic_lattice_a
D:3:      layout_loops_ring, gup_sewer_entry_bowl
D:4:      layout_loops_ring, minmay_temple_entry_stoned_glass, serial_shops,
          nicolae_stop_n_shop_2
D:5:      layout_basic, mainiacjoe_overflow_alcove_4,
          mainiacjoe_overflow_24_doors, grunt_temple_overflow_bloody_war
D:6:      cheibrodos_thug_alley, layout_cave_pools,
          mainiacjoe_overflow_alcove_1, uniq_edmund
Temple:   eino_temple_rhombus

Skill      XL: |  1  2  3  4  5  6  7 |
---------------+----------------------+-----
Axes           | 3 4 5 6 |  6.2
Dodging        | 3 4 |  4.7
Fighting       | 4 5 |  5.2
Throwing       | 1 |  1.1

Action                     |  1- 3 |  4- 6 |  7- 9 || total
---------------------------+-------+-------+-------++-------
  Melee: Hand axe          |    95 |   189 |    95 ||   379
         Punch             |       |     1 |     2 ||     3
  Throw: Boomerang         |       |     2 |     9 ||    11
    Use: Scroll            |     2 |    11 |       ||    13
         Potion            |     1 |     4 |     3 ||     8
   Stab: Sleeping          |       |     2 |       ||     2
 Armour: Leather armour    |    22 |    40 |    34 ||    96
  Dodge: Dodged            |    57 |   132 |    34 ||   223
